 Dungeon Crawl Stone Soup version 0.31-a0-229-g1fc7ce93e2 (webtiles) character file.

Game seed: 7029672522005968490

7575 LynnLen the Covert (level 10, -15/48 (49) HPs)
             Began as a Spriggan Enchanter on July 7, 2023.
             Was an Elder of Dithmenos.
             Collided with a catoblepas zombie (23 damage)
             ... caused by a wretched star
             ... on level 1 of the Abyss.
             The game lasted 00:37:01 (10896 turns).

LynnLen the Covert (Spriggan Enchanter)            Turns: 10896, Time: 00:37:03

HP:   -15/48 (49)   AC:  3    Str:  4    XL:     10   Next: 97%
MP:   17/20         EV: 20    Int: 21    God:    Dithmenos [****..]
Gold: 582           SH:  0    Dex: 16    Spells: 13/22 levels left

rFire   + . .        j - +4 short sword
rCold   + . .        (no shield)
rNeg    . . .        v - +1 robe {rC+ rF+}
rPois   .            (helmet restricted)
rElec   .            (no cloak)
rCorr   .            (gloves unavailable)
SInv    +            (boots unavailable)
Will    +....        (no amulet)
Stlth   ++++++++     (no ring)
HPRegen 0.28/turn    (no ring)
MPRegen 0.17/turn

%: no passive effects
@: confusing by touch, wreathed by umbra, studying Armour, lightly drained, very
quick
A: very small, no large weapons, unfitting armour, see invisible, speed 3
a: Renounce Religion, Shadow Step


You were on level 1 of the Abyss.
You worshipped Dithmenos.
Dithmenos was greatly pleased with you.
You visited 2 branches of the dungeon, and saw 10 of its levels.
You visited the Abyss 1 time.
You also visited: Ossuary.

You collected 582 gold pieces.

Inventory:

Hand Weapons
 j - a +4 short sword (weapon)
Missiles
 s - 18 poisoned darts (quivered)
 y - a curare-tipped dart
Armour
 v - a +1 robe of resistance (worn)
Jewellery
 k - a ring of fire
Wands
 b - a wand of digging (5)
 l - a wand of flame (18)
 t - a wand of polymorph (2)
 u - a wand of iceblast (9)
Scrolls
 d - 6 scrolls of teleportation
 h - a scroll of torment
 i - 2 scrolls of enchant armour
 o - a scroll of fear {unknown}
 q - a scroll of summoning
 r - 2 scrolls of amnesia
 x - a scroll of blinking {unknown}
 C - a scroll of poison {unknown}
Potions
 a - 3 potions of brilliance
 c - 2 potions of invisibility
 e - 3 potions of ambrosia
 g - 2 potions of lignification
 m - a potion of enlightenment {unknown}
 n - a potion of berserk rage {unknown}
 p - a potion of might
 w - a potion of magic {unknown}
 z - a potion of mutation {unknown}
 B - a potion of haste {unknown}


   Skills:
 + Level 3.6 Fighting
 + Level 6.6 Short Blades
 + Level 6.3 Dodging
 * Level 13.8 Stealth
 * Level 6.5 Spellcasting
 * Level 10.7 Hexes
 - Level 3.4 Ice Magic
 + Level 2.9 Air Magic
 + Level 2.3 Invocations


You had 13 spell levels left.
You knew the following spells:

 Your Spells              Type           Power      Damage    Failure   Level
a - Ensorcelled Hibernat  Hex/Ice        72%        N/A       1%          2
b - Confusing Touch       Hex            51%        N/A       1%          3
c - Tukima's Dance        Hex            51%        N/A       1%          3
d - Shock                 Conj/Air       52%        1d6       4%          1

Your spell library contained the following spells:

 Spells                   Type           Power      Damage    Failure   Level
 Dazzling Flash           Conj/Hex       58%        N/A       3%          3
 Frozen Ramparts          Ice            42%        1d7       7%          3
 Swiftness                Air            19%        N/A       9%          3
 Lesser Beckoning         Tloc           12%        N/A       14%         2
 Vhi's Electric Charge    Tloc/Air       26%        N/A       16%         3
 Gell's Gravitas          Tloc           6%         N/A       28%         3
 Teleport Other           Tloc           6%         N/A       28%         3
 Airstrike                Air            9%         2d(2-18)  28%         4
 Ice Form                 Ice/Tmut       14%        N/A       41%         4
 Summon Ice Beast         Ice/Summ       14%        N/A       41%         4
 Arcjolt                  Conj/Air       6%         1d16      80%         5
 Dispersal                Tloc           3%         N/A       100%        6
 Plasma Beam              Fire/Air       6%         2x1d17    100%        6


Dungeon Overview and Level Annotations

Branches:
Dungeon (9/15)             Temple (1/1) D:4             Orc (0/2) D:9
Ossuary (visited)
   Lair: D:8-11

Altars:
Cheibriados
Dithmenos
Fedhas
Gozag
Kikubaaqudgha
Makhleb
Nemelex Xobeh
Qazlal
Ru
Sif Muna
Trog
Uskayaw
Vehumet
Xom
Yredelemnul
Zin
The Shining One

Shops:
D:1 (   D:2 ?   D:3 *

Annotations:
D:9 Maggie


Innate Abilities, Weirdness & Mutations

You are very small and have problems with some larger weapons.
You are too small for most types of armour.
You have supernaturally acute eyesight. (SInv)
You cover ground extremely quickly. (Speed+++)


Message History

A thrashing horror comes into view.
Okay, then.
You start resting.
A raiju comes into view.
You start resting.
A wretched star comes into view.
Found a corrupted altar of Lugonu.
You start resting.
A wretched star is nearby!
Casting: Confusing Touch (safe; 1% risk of failure)
Confirm with . or Enter, or press ? or * to list all spells.
You don't know that spell.
Press: ? - help, v - describe, . - travel
Here: a wretched star (wandering, hasn't noticed you)
The floor.
Casting: Confusing Touch (safe; 1% risk of failure)
Confirm with . or Enter, or press ? or * to list all spells.
Your hands begin to glow red.
You barely miss the wretched star.
Your shadow hits the wretched star but does no damage.
The wretched star glows turbulently.
The lance of force hits you!!
You emit a cloud of dark smoke.
You are knocked back by the lance of force.
You slam into the stone wall!
* * * LOW HITPOINT WARNING * * *
Okay, then.
What are your orders? t - Shout!
Orders for allies: a - Attack new target. r - Retreat! s - Stop attacking. g - Guard the area. f - Follow me.
Anything else - Cancel.
Okay, then.
As you read the scroll of summoning, it crumbles to dust.
Wisps of shadow whirl around you...
The wretched star glows turbulently.
The lance of force hits your catoblepas zombie!!
Your catoblepas zombie is knocked back by the lance of force.
Your catoblepas zombie collides with you!
You die...

# # .
##### ##
#@Z*# # .
#
#####..##
# # # ..#
#. ## .#
### ## .
##. .#.
##.# .# .
..... # .
. # #.#.#
. ... ##.
.#


You could see a wretched star (ally target) and a friendly catoblepas zombie
(summoned).

Vanquished Creatures
  A two-headed ogre (D:9)
  Pikel (D:6)
  An ugly thing (D:8)
  A manticore (D:8)
  A tengu conjurer (D:8)
  Grinder (D:6)
  A raiju (Abyss:1)
  8 yaks (D:9)
  A golden eye (Abyss:1)
  Menkaure (D:6)
  Grum (D:9)
  A water moccasin (D:7)
  2 ice beasts (D:7)
  3 orc warriors
  A black bear (D:6)
  2 wolves (D:9)
  2 ogres
  A centaur (D:5)
  A phantom (D:6)
  A kobold brigand (D:8)
  2 bullfrogs
  3 scorpions
  A small abomination (Abyss:1)
  7 wights
  9 killer bees (D:7)
  A howler monkey (D:6)
  2 gnoll boudas
  2 orc priests (D:8)
  5 hounds
  2 iguanas (D:5)
  3 orc wizards
  A mummy (Ossuary)
  11 gnolls
  5 adders
  2 shadow imps (D:7)
  An ufetubus (D:6)
  10 worms
  A dart slug (D:5)
  32 orcs
  3 spectral bats (Ossuary)
  13 endoplasms
  10 giant cockroaches
  6 goblins
  8 hobgoblins
  A jackal (D:2)
  14 kobolds
  3 quokkas
  11 ball pythons
  5 bats
  3 bat simulacra (Ossuary)
  4 frilled lizards
  12 gnoll zombies (Ossuary)
  5 goblin zombies (Ossuary)
  10 hobgoblin zombies (Ossuary)
  A kobold simulacrum (Ossuary)
  3 kobold zombies (Ossuary)
  5 rats
  3 rat simulacra (Ossuary)
  3 spectral goblins (Ossuary)
  3 spectral kobolds (Ossuary)
  2 spectral rats (Ossuary)
260 creatures vanquished.

Vanquished Creatures (collateral kills)
  An orc warrior (D:8)
  A gnoll sergeant (D:9)
  A scorpion (D:6)
  4 wights (D:8)
  2 gnolls (D:9)
  4 adders (D:6)
  2 orcs (D:8)
  2 kobolds (D:8)
17 creatures vanquished.

Vanquished Creatures (others)
  A dancing weapon (D:6)
1 creature vanquished.

Grand Total: 278 creatures vanquished

Notes
Turn   | Place    | Note
-------+----------+-------------------------------------------
     0 | D:1      | LynnLen the Spriggan Enchanter began the quest for the Orb.
     0 | D:1      | Reached XP level 1. HP: 9/9 MP: 5/5
   242 | D:1      | Reached XP level 2. HP: 13/13 MP: 6/6
   245 | D:1      | Reached skill level 5 in Stealth
   258 | D:1      | Learned a level 2 spell: Ensorcelled Hibernation
   645 | D:1      | Found Kyodab's Antique Weapon Shop.
  1044 | D:2      | Reached XP level 3. HP: 16/16 MP: 8/8
  1048 | D:2      | Learned a level 3 spell: Confusing Touch
  1323 | D:2      | Reached skill level 6 in Stealth
  1323 | D:2      | Reached XP level 4. HP: 8/21 MP: 4/9
  1980 | D:2      | Found The Oracle's Delphic Readings.
  2296 | D:3      | Found Wosemul's Assorted Antiques.
  2509 | D:3      | Reached XP level 5. HP: 24/24 MP: 10/10
  2582 | D:3      | Learned a level 3 spell: Tukima's Dance
  2748 | D:4      | Learned a level 1 spell: Shock
  2881 | D:4      | Reached skill level 7 in Stealth
  2881 | D:4      | Reached skill level 5 in Hexes
  2881 | D:4      | Reached skill level 1 in Ice Magic
  2964 | D:4      | Reached XP level 6. HP: 7/28 MP: 4/11
  3638 | D:4      | Found a staircase to the Ecumenical Temple.
  3683 | Temple   | Entered the Ecumenical Temple
  3691 | Temple   | Became a worshipper of Dithmenos the Shadowed
  3754 | D:5      | Entered Level 5 of the Dungeon
  3969 | D:5      | Reached skill level 8 in Stealth
  4130 | D:5      | Reached XP level 7. HP: 32/32 MP: 5/12
  4558 | D:5      | Reached * piety under Dithmenos
  4597 | D:5      | Found a glowing golden altar of the Shining One.
  4787 | D:6      | Reached skill level 9 in Stealth
  4812 | D:6      | Noticed Menkaure
  4826 | D:6      | Identified the +1 short sword "Askichib" {elec, rElec
                  | Dex+2}
  4847 | D:6      | Killed Menkaure
  5000 | D:6      | Reached XP level 8. HP: 29/36 MP: 8/13
  5015 | D:6      | Reached skill level 10 in Stealth
  5171 | D:6      | Noticed Grinder
  5199 | D:6      | Killed Grinder
  5350 | D:6      | Noticed Pikel
  5458 | D:6      | Killed Pikel
  5459 | D:6      | Reached skill level 1 in Fighting
  5459 | D:6      | Reached skill level 11 in Stealth
  5603 | D:6      | Reached skill level 5 in Short Blades
  6193 | D:7      | Reached XP level 9. HP: 42/42 MP: 11/14
  6216 | D:7      | Reached ** piety under Dithmenos
  6223 | D:7      | Found a sand-covered staircase.
  6273 | Ossuary  | Entered an ossuary
  6542 | Ossuary  | Reached *** piety under Dithmenos
  7856 | D:7      | Reached skill level 12 in Stealth
  8132 | D:8      | Identified the +1 sling of the Stopping Gods {freeze, rF+
                  | rC+ Stlth-}
  8145 | D:7      | Reached skill level 1 in Air Magic
  8366 | D:7      | Reached skill level 5 in Dodging
  8879 | D:8      | Noticed a red ugly thing
  8880 | D:8      | Noticed a manticore
  8886 | D:8      | Killed a manticore
  8886 | D:8      | Reached **** piety under Dithmenos
  8931 | D:8      | Reached XP level 10. HP: 43/47 MP: 8/18
  9154 | D:8      | Reached skill level 5 in Spellcasting
  9665 | D:8      | Killed a red ugly thing
  9666 | D:8      | Reached skill level 13 in Stealth
  9666 | D:8      | Reached skill level 10 in Hexes
  9666 | D:8      | Reached skill level 1 in Invocations
  9715 | D:9      | Noticed Grum
  9735 | D:9      | Noticed a two-headed ogre
  9925 | D:9      | Killed Grum
  9947 | D:9      | Killed a two-headed ogre
  9966 | D:9      | Found an ancient bone altar of Kikubaaqudgha.
  9974 | D:9      | Found a shimmering altar of Xom.
  9974 | D:9      | Found a radiant altar of Vehumet.
  9974 | D:9      | Found an opulent altar of Gozag.
  9976 | D:9      | Found a basalt altar of Yredelemnul.
  9977 | D:9      | Found a snail-covered altar of Cheibriados.
  9979 | D:9      | Found a glowing silver altar of Zin.
 10446 | D:9      | Found a staircase to the Orcish Mines.
 10446 | D:9      | Noticed Maggie
 10456 | Abyss:1  | Cast into level 1 of the Abyss (Maggie)
 10467 | Abyss:1  | Noticed a large abomination
 10582 | Abyss:1  | Noticed a large abomination
 10592 | Abyss:1  | Noticed a glowing orange brain
 10769 | Abyss:1  | Noticed a thrashing horror
 10834 | Abyss:1  | Noticed a wretched star
 10838 | Abyss:1  | Found a corrupted altar of Lugonu.
 10896 | Abyss:1  | Collided with a catoblepas zombie

Illustrated notes

Levels and vault maps discovered:
D:1:      ldierk_walled_garden_2, layout_basic, serial_shops,
          nicolae_shop_trees, minmay_crystal_water, minmay_worlds_worst_comb
D:2:      minmay_inner_zag, layout_basic, nicolae_nh_oracle_at_delphi
D:3:      layout_rooms, serial_shops, nicolae_square_shop, serial_bayou_pond_c
D:4:      layout_cave_pods, minmay_temple_entry_offerings
D:5:      layout_basic, nicolae_tso_swordbearing_angel, nicolae_wormholes
D:6:      layout_layer_cave, nicolae_half_adder, uniq_pikel, uniq_menkaure,
          uniq_grinder
D:7:      layout_basic, lightli_ossuary_entry_decrepit_ruins,
          hangedman_abyss_or_decor_passed
D:8:      layout_cave_pools, minmay_gold_behind_fungi, minmay_manual_mail
D:9:      layout_roguey, minitemple, due_lair_maze_entry_diamond,
          minmay_orc_entry_guard_dogs, uniq_maggie, uniq_grum
Temple:   eino_narrow_crystal_temple
Abyss:1:  base:
D:4

Skill      XL: |  1  2  3  4  5  6  7  8  9 10 |
---------------+-------------------------------+-----
Stealth        | 5 6 7 8 9 11 12 13 | 13.8
Hexes          | 4 5 6 7 8 9 10 | 10.7
Short Blades   | 2 3 4 5 6 |  6.6
Ice Magic      | 1 2 3 |  3.4
Dodging        | 4 5 6 |  6.3
Fighting       | 1 2 3 |  3.6
Spellcasting   | 4 6 |  6.5
Air Magic      | 1 2 |  2.9
Invocations    | 2 |  2.3

Action                     |  1- 3 |  4- 6 |  7- 9 | 10-12 || total
---------------------------+-------+-------+-------+-------++-------
  Melee: Dagger            |    59 |       |       |       ||    59
         Punch             |     1 |     4 |     3 |     3 ||    11
         Short sword       |    48 |   165 |   393 |   166 ||   772
   Cast: Ensorcelled Hiber |     3 |    28 |    35 |    19 ||    85
         Confusing Touch   |     1 |       |    15 |     6 ||    22
         Shock             |       |     2 |       |       ||     2
         Tukima's Dance    |       |       |    17 |    14 ||    31
 Invoke: Shadow Step       |       |       |     1 |     1 ||     2
    Use: Scroll            |     2 |     5 |     5 |     1 ||    13
         Potion            |       |       |     4 |     7 ||    11
   Stab: Sleeping          |    17 |    30 |    54 |    19 ||   120
         Distracted        |       |     1 |       |       ||     1
         Confused          |       |       |    13 |     3 ||    16
 Armour: Robe              |    14 |     9 |    26 |    13 ||    62
  Dodge: Dodged            |    63 |    90 |   376 |   166 ||   695

Table legend: (Time is in decaauts)
 A = Elapsed time spent in this place.
 B = Non-inter-level travel time spent in this place.
 C = Inter-level travel time spent in this place.
 D = Time resting spent in this place.
 E = Time spent auto-exploring this place.
 F = Levels seen in this place.
 G = Mean time per level.
                   A        B        C        D        E       F      G
               +--------+--------+--------+--------+--------+-----+--------+
         Total |   7885 |   7669 |    216 |   1677 |   2678 |  12 |  657.1 |
       Dungeon |   7228 |   7016 |    212 |   1590 |   2661 |   9 |  803.1 |
        Temple |     11 |      7 |      4 |      0 |      0 |   1 |   11.0 |
         Abyss |    319 |    319 |      0 |     86 |      0 |   1 |  319.0 |
       Ossuary |    326 |    326 |      0 |      0 |     17 |   1 |  326.0 |
               +--------+--------+--------+--------+--------+-----+--------+

Top non-repeatable levels by time:
     D:7: 1539 daAuts
     D:8: 1062 daAuts
     D:6: 912 daAuts
     D:2: 766 daAuts
     D:5: 739 daAuts
     D:1: 629 daAuts
     D:4: 608 daAuts
     D:3: 484 daAuts
     D:9: 484 daAuts
 Ossuary: 326 daAuts
 Abyss:1: 319 daAuts
  Temple: 11 daAuts
